← All builds
Tech / Armada / Economy first / OBSERVED BUILD

Standard tech

Armada Tech (Eco) build order · Supreme Isthmus

Rushes T2 by 4:15, gets Advanced Metal Extractor around 5:28, hands off T2 constructors to Geo and the team, then scales eco and supplies the team's T2 needs through the rest of the game.

Usually first T2 con to Geo (83%)

#eco #t2 #team support · 1574 distinct matches · 255 players · 58% of Armada Tech games · team won 53% of 1868 · Recently observed

HOW TO PLAY IT

Key timing: T2 factory by 4:15

  1. Open 3 mex and heavy wind to fund a fast T2 rush.
  2. Put down Bot Lab, planning to eat it for reclaim soon after.
  3. Get Advanced Bot Lab up, hitting the T2 factory rush timing.
  4. Upgrade mex to Advanced Metal Extractor to lock in team metal income.
  5. Eat Advanced Bot Lab and keep sending cons to Geo and Pond.

Phase by phase

TYPICAL OF ITS 1574 GAMES
  1. 1
  2. 2
  3. 3
  4. 4
PLAY THE OPENING

Follow the example game's first 6:00 step by step: what to build now, what comes next, and where it goes. At 1× it keeps pace with your own game.

  1. 1

    Up to the Bot Lab

    Economy
    • Metal Extractor3Mex
    • Wind Turbine4Wind
    Order
    1. Bot LabBot Lab after 3 mex, 4 winddone ~1:18, middle half 1:13–1:32

    Some games also: energy storage (31%)

    By 1:01 in all: 3 mex · 4 wind

    The example game in this phase · 3 steps
    1. Mex ×3
    2. Wind ×4
    3. Bot LabBot Labdone 1:16 · typical 1:18
  2. 2

    Bot Lab to Advanced Bot Lab

    Economy
    • Metal Extractor1Mex
    • Wind Turbine8Wind
    • Energy Storage1Energy storage
    Order
    1. Advanced Bot LabAdvanced Bot Lab after 4 mex, 12 wind, 3 con turretdone ~4:16, middle half 4:04–4:30
    Builders
    • Construction Turret3 Con turret
    • Lazarus3 Lazarus
    • Construction Bot2 Con bot
    • Construction Bot1 Con bot for allies

    Some games also: converter (36%)

    By 3:18 in all: 4 mex · 12 wind · 1 energy storage · 3 con turret

    The example game in this phase · 13 steps
    1. Construction BotCon bot
    2. LazarusLazarus
    3. Wind ×2
    4. LazarusLazarus ×2
    5. Mex
    6. LazarusLazarus
    7. Construction BotCon botfor Air
    8. Con turret
    9. Construction BotCon bot
    10. Energy storage
    11. Con turret
    12. Converter ×3
    13. Advanced Bot LabAdvanced Bot Labdone 4:23 · typical 4:16
  3. 3

    Advanced Bot Lab to 5:00

    Economy
    • Wind Turbine3Wind
    Order
    1. Bot LabEat Bot Lab
    Builders
    • Advanced Construction Bot1 T2 con bot for allies

    Some games also: converter (35%)

    By 5:00 in all: 4 mex · 15 wind · 1 converter · 1 energy storage · 3 con turret

    The example game in this phase · 8 steps
    1. Converter
    2. Energy storage
    3. Bot LabEat Bot Labreclaimed for its metal
    4. Converter
    5. Wind ×3
    6. Advanced Construction BotT2 con botfor Geo
    7. Wind ×2
    8. Advanced Construction BotT2 con bot ×2for Air
  4. 4

    5:00 to 10:00

    Economy
    • Wind Turbine43Wind
    • Energy Converter6Converter
    Builders
    • Butler9 Butler
    • Advanced Construction Bot4 T2 con bot for allies
    • Advanced Construction Bot1 T2 con bot

    Some games also: con turret (43%) · Butler for allies (37%)

    By 10:00 in all: 4 mex · 58 wind · 8 converter · 1 energy storage · 3 con turret

    The example game in this phase · 168 steps
    1. Advanced Metal ExtractorT2 mexdone 6:07 · typical 5:29
    2. Wind
    3. ButlerButler
    4. Advanced Construction BotT2 con botfor Geo sea
    5. Advanced Metal ExtractorT2 mex
    6. ButlerButler ×6
    7. Wind ×3
    8. ButlerButler
    9. Wind ×2
    10. Converter
    11. Wind
    12. ButlerButler
    13. Converter
    14. Wind ×2
    15. Converter
    16. ButlerButler
    17. Wind ×2
    18. Converter
    19. Wind
    20. Advanced Construction BotT2 con bot
    21. Metal storage
    22. Converter
    23. Wind ×2
    24. Converter
    25. Wind
    26. Converter
    27. Wind ×2
    28. Converter
    29. Advanced Construction BotT2 con bot
    30. Wind
    31. Converter
    32. Wind ×2
    33. Converter
    34. Wind
    35. Converter
    36. Wind ×2
    37. Advanced Metal ExtractorT2 mex
    38. Converter
    39. Wind
    40. ButlerButler
    41. Wind
    42. Converter
    43. Wind ×2
    44. Converter
    45. Wind
    46. Converter
    47. Wind ×2
    48. Advanced Metal ExtractorT2 mex
    49. Converter
    50. Wind
    51. Converter
    52. Wind ×2
    53. Converter
    54. Wind
    55. Converter
    56. Wind
    57. Con turret
    58. Wind
    59. Converter
    60. Wind
    61. Converter
    62. Wind ×2
    63. ButlerButler
    64. Wind ×2
    65. Converter
    66. Wind ×2
    67. ButlerButler
    68. Wind ×2
    69. Converter
    70. Wind ×2
    71. ButlerButler
    72. Converter
    73. Wind ×2
    74. CitadelAnti-nukedone 12:50
    75. Wind ×2
    76. ButlerButler
    77. Converter
    78. Wind ×2
    79. Converter
    80. Wind ×2
    81. ButlerButler
    82. Wind ×4
    83. ButlerButler
    84. Wind ×2
    85. Converter
    86. Wind ×2
    87. ButlerButler
    88. Converter
    89. Wind ×4
    90. Converter
    91. Wind
    92. ButlerButler
    93. Wind ×3
    94. Converter
    95. Wind
    96. ButlerButler
    97. Wind ×4
    98. ButlerButler
    99. Converter
    100. Wind ×5
    101. Converter
    102. Advanced Fusion ReactorAdvanced Fusion Reactornot finished by 15:00
    103. Wind ×3
    104. Converter
    105. Wind ×3
    106. Converter
    107. Wind ×5
    108. Converter
    109. Wind ×3
    110. Converter
    111. Wind ×4
    112. Converter
    113. Wind ×5
    114. Converter
    115. Wind
    116. Advanced Bot LabEat Advanced Bot Labreclaimed for its metal
    117. Wind ×3
    118. Converter
    119. Wind ×6
    120. Converter
    121. Wind ×2
    122. Con turret
    123. Wind ×2
    124. Converter
    125. Wind ×5
    126. Converter
    127. Wind ×3
    128. Con turret
    129. Wind ×3
    130. Converter
    131. Wind ×5
    132. Con turret
    133. Converter
    134. Wind ×7
    135. Converter
    136. Con turret
    137. Wind ×4
    138. Con turret
    139. Wind ×3
    140. Converter
    141. Wind ×5
    142. Con turret
    143. Converter
    144. Wind ×4
    145. Con turret
    146. Wind ×4
    147. Converter
    148. Wind ×4
    149. Converter
    150. Wind ×5
    151. Converter
    152. Wind ×7
    153. Converter
    154. Wind ×6
    155. Converter
    156. Wind ×6
    157. Converter
    158. Wind ×4
    159. Converter
    160. Wind ×4
    161. Converter
    162. Wind ×5
    163. Converter
    164. Wind ×7
    165. Converter
    166. Wind ×7
    167. Converter
    168. Wind ×4

Counts are medians over the build's games: half of them build more, half fewer. The example game is Heroic_El_Paska's (33 OS, 12/08/2026); pick another.

Team trades

IN AT LEAST 30% OF ITS GAMES

You hand over

  • Construction Bot1 Con bot to Airfirst at 2:24 · in 84% of games
  • Advanced Construction Bot5 T2 con bot to Air or Geo sea or Pondfirst at 4:50 · in 99% of games
  • Butler2 Butler to Geo sea or Beach sea or Pondfirst at 9:07 · in 42% of games

You get

  • Hercules1 Light transport from Airfirst at 4:01 · in 86% of games

How it plays out

Typical game of this build, running totals by minute

Metal produced

020k40k
0:005:0010:0015:00

metal

Enemy metal destroyed

050100
0:005:0010:0015:00

metal

Own metal lost

050100150
0:005:0010:0015:00

metal

1868 games.

Show as table
ByMetal produced: This buildEnemy metal destroyed: This buildOwn metal lost: This build
1:0038300
2:0091500
3:00165100
4:00314300
5:00484800
6:00580000
7:00722700
8:00906100
9:001116900
10:001350200
11:001623900
12:001965200
13:002344100
14:0027357074
15:003153885130
WHAT THE NUMBERS SAY

Standard Tech play barely fights at all early, instead pouring metal into T2 infrastructure and constructors for the team.

  • + Metal produced hits 31679 by 15:00, by far the highest of any role here.
  • + T2 factory reached in 97% of games by 4:15, fastest and most reliable T2 timing.
  • − Enemy metal destroyed stays at 0 through 10:00, no early offense at all.
  • − Own metal lost also near 0, showing total avoidance of combat risk.
THE EXAMPLE YOU ARE READING

Heroic_El_Paska

32.7 OS · 12/08/2026

Open source match ↗

1 received units
860 metal received · 57548 energy received

Allied construction assistance is unknown. Timings are observations, not a promise of solo reproducibility.

Typical milestones

Bot Lab1:18Middle 50%: 1:13–1:32 · n=1868
Advanced Bot Lab4:16Middle 50%: 4:04–4:30 · n=1861
Advanced Metal Extractor5:29Middle 50%: 5:06–5:59 · n=1864

Played most by

Amrissa93games of this buildTheGeneraI66games of this buildAdeus57games of this buildEl_Turco56games of this buildKOT_43games of this build